AoeStats
← cisi1982

Arabia

509298045Analyzed
1v1 RM · 7d ago on Sep 26, 2026· 27m 59s· 2 players
Game mode
Random Map
Map size
Tiny (2 player)
Population
200
Speed
Normal
Resources
Standard
Victory
Conquest
Starting age
Dark Age
Ending age
Imperial Age
RankedLock teamsTeams togetherTeam positionsShared explorationLock speedFull tech treeHidden civsTurbo modeCheats
Victory
Defeat
🇨🇳 Japanese · China
992
+39
🇨🇿 Japanese · Czechia
968
-15
cisi1982
9:36 Feudal Age
7:52 Loom
16:31 Double-Bit Axe
18:06 Forging
22:56 Castle Age
21:52 Scale Mail Armor
22:45 Arson
23:08 Pikeman
23:59 Gambesons
26:30 Fletching
27:48 Light Cavalry
AOEHD
5:03 Loom
8:50 Feudal Age
9:22 Double-Bit Axe
10:26 Horse Collar
19:42 Castle Age
20:46 Bow Saw
20:37 Heavy Plow
21:33 Bloodlines
22:40 Husbandry
24:24 Gold Mining
25:12 Wheelbarrow
24:25 Town Watch
25:04 Fletching
25:39 Bodkin Arrow
26:23 Padded Archer Armor
28:49 Leather Archer Armor
Connection lost

Rejoining the realm…

Still unreachable

The connection could not be restored.

Session expired

The server has moved on; the page needs a fresh start.